 Dungeon Crawl Stone Soup version 0.13.1-22-g086cdba (webtiles) character file.

584 Mitsuki the Firebug (level 6, -3/32 HPs)
             Began as a Tengu Fire Elementalist on Jan 4, 2014.
             Was an Initiate of Vehumet.
             Killed from afar by an orc wizard (10 damage)
             ... with a magic dart
             ... on Level 4 of the Dungeon.
             The game lasted 00:30:44 (5507 turns).

Mitsuki the Firebug (Tengu Fire Elementalist)       Turns: 5507, Time: 00:30:45

HP  -3/32        AC  4     Str  9      XL: 6   Next: 99%
MP   1/14        EV 11     Int 17      God: Vehumet [......]
Gold 153         SH  0     Dex 14      Spells:  3 memorised,  4 levels left

Res.Fire  : . . .   See Invis. : .   g - +0 dagger
Res.Cold  : . . .   Warding    : .   o - +1 leather armour
Life Prot.: + . .   Conserve   : .   (no shield)
Res.Poison: .       Res.Corr.  : .   (helmet restricted)
Res.Elec. : .       Clarity    : .   (no cloak)
Sust.Abil.: . .     Spirit.Shd : .   (no gloves)
Res.Mut.  : .       Stasis     : +   (boots unavailable)
Res.Rott. : .       Flight     : .   k - amulet of stasis
Saprovore : . . .                    (no ring)
                                     u - ring of positive energy

@: confused, very slightly contaminated, slightly resistant to hostile
enchantments, very unstealthy
A: able to fly, beak, talons 3
a: Fly, Renounce Religion


You were on level 4 of the Dungeon.
You worshipped Vehumet.
Vehumet was noncommittal.
You were hungry.

You visited 1 branch of the dungeon, and saw 4 of its levels.

You collected 133 gold pieces.

Inventory:

Hand weapons
 g - a +0,+0 dagger (weapon)
Armour
 o - a +1 leather armour (worn)
Comestibles
 a - a pear
 c - 2 meat rations
 n - a bread ration
 s - 9 grapes
 t - a rotting chunk of hobgoblin flesh
 v - a chunk of bat flesh
Scrolls
 d - 3 scrolls of remove curse
 f - a scroll of curse weapon {unknown}
 h - a scroll of enchant weapon II {unknown}
 j - 4 scrolls of blinking
 m - a scroll of magic mapping {unknown}
 p - a scroll of amnesia {unknown}
 r - a scroll of random uselessness {unknown}
Jewellery
 i - an uncursed amulet of rage
 k - an amulet of stasis (around neck)
 u - a ring of positive energy (left hand)
 w - an uncursed ring of flight
Potions
 e - a potion of might
 l - 3 potions of curing
 q - 2 potions of heal wounds
Books
 b - a book of Flames

   Spells                             Type                      Level
   *Flame Tongue                      Conjuration/Fire             1
   *Throw Flame                       Conjuration/Fire             2
   *Conjure Flame                     Conjuration/Fire             3
   Inner Flame                        Hexes/Fire                   3
   Sticky Flame                       Conjuration/Fire             4
   Fireball                           Conjuration/Fire             5


   Skills:
 - Level 2.8 Dodging
 - Level 3.1 Stealth
 + Level 2.9 Spellcasting
 + Level 3.8 Conjurations
 + Level 6.1 Fire Magic


You had 4 spell levels left.
You knew the following spells:

 Your Spells              Type           Power        Failure   Level  Hunger
a - Flame Tongue          Conj/Fire      ###..        2%          1    #......
b - Throw Flame           Conj/Fire      ###...       3%          2    ##.....
c - Conjure Flame         Conj/Fire      ###.....     10%         3    ###....


Dungeon Overview and Level Annotations

Branches:
Dungeon (4/27)
 Temple: D:4-7

Altars:
Okawaru
Vehumet


Innate Abilities, Weirdness & Mutations

You can fly.
You have a beak for a mouth.
You have claws for feet.


Message History

Confirm with . or Enter, or press ? or * to list all spells.
Aiming: Throw Flame
Press: ? - help, Shift-Dir - straight line You miscast Throw Flame.
You are very lightly contaminated with residual magic.
You are momentarily dazzled by a flash of light!
It hits you but does no damage.
You barely miss it. It hits you.
You closely miss it. You claw it. It hits you!
You hit it but do no damage. It completely misses you.
You closely miss it.
You hear some strange, mumbled words.
You are confused.
You're too confused to cast spells.
It hits you. It hits you.
* * * LOW HITPOINT WARNING * * *
You hear some strange, mumbled words.
The magic dart hits you!
You die...

#.........# #.# #.......<.#
#.# #..(......# #.#
###.####.## #.# ##
#.####.###### #.# #.
#.##........# #.# #.
#.##.......{###.#############.
#.##........).................
#.###########@)....##########.
#..................# #.
#############......# #.
######## ##


There were no monsters in sight!

Vanquished Creatures
  An ogre (D:4)
  4 orc wizards
  A scorpion (D:4)
  An ogre skeleton (D:4)
  9 adders
  A worm (D:3)
  2 giant geckos
  2 oozes
  16 orcs
  A ball python (D:2)
  3 giant cockroaches
  9 goblins
  10 hobgoblins
  8 kobolds
  A quokka (D:4)
  19 bats
  5 giant newts
  A hobgoblin skeleton (D:3)
  10 rats
104 creatures vanquished.

Notes
Turn   | Place    | Note
--------------------------------------------------------------
     0 | D:1      | Mitsuki, the Tengu Fire Elementalist, began the quest for the Orb.
     0 | D:1      | Reached XP level 1. HP: 10/10 MP: 3/3
   357 | D:1      | Reached XP level 2. HP: 15/15 MP: 3/5
   361 | D:1      | Learned a level 2 spell: Throw Flame
   710 | D:1      | Paralysed by a potion of paralysis for 4 turns
  1372 | D:1      | Reached XP level 3. HP: 17/19 MP: 3/6
  1741 | D:2      | Reached skill level 4 in Fire Magic
  2070 | D:2      | Reached XP level 4. HP: 20/24 MP: 3/8
  2734 | D:3      | Reached XP level 5. HP: 28/28 MP: 11/11
  3359 | D:3      | Learned a level 3 spell: Conjure Flame
  4305 | D:4      | Found a radiant altar of Vehumet.
  4313 | D:4      | Became a worshipper of Vehumet
  4344 | D:4      | Reached XP level 6. HP: 32/32 MP: 9/14
  4396 | D:4      | Found an iron altar of Okawaru.
  4695 | D:4      | Noticed an ogre
  4730 | D:4      | Killed an ogre
  4730 | D:4      | Reached skill level 5 in Fire Magic
  5222 | D:4      | Reached skill level 6 in Fire Magic
  5507 | D:4      | Killed from afar by an orc wizard

Action                   |  1- 3 |  4- 6 || total
-------------------------+-------+-------++-------
Melee: Unarmed           |    30 |       ||    30
       Dagger            |   104 |    51 ||   155
 Cast: Flame Tongue      |    18 |    63 ||    81
       Throw Flame       |    18 |    74 ||    92
 Abil: Fly               |       |     1 ||     1
  Use: Potion            |     3 |     4 ||     7
       Scroll            |     4 |     2 ||     6
 Stab: Sleeping          |     1 |     2 ||     3
